AoeStats
← Suteu

Black Forest

508497177Analyzed
4v4 RM · 10d ago on Sep 22, 2026· 52m 37s· 8 players
Game mode
Random Map
Map size
Large (8 player)
Population
200
Speed
Normal
Resources
Standard
Victory
Conquest
Starting age
Dark Age
Ending age
Imperial Age
RankedLock teamsTeams togetherTeam positionsShared explorationLock speedFull tech treeHidden civsTurbo modeCheats
Victory
Defeat
🇬🇧 Romans · United Kingdom
1217
+16
🇦🇷 Poles · Argentina
1181
+17
🇷🇴 Danes · Romania
1159
+18
🇩🇪 Britons · Germany
1156
+18
🇩🇪 Danes · Germany
1243
-18
🇩🇪 Saxons · Germany
1237
-18
🇩🇪 Danes · Germany
1197
-17
🇩🇪 Varangians · Germany
1172
-16
Suteu
2:05 Loom
11:44 Feudal Age
12:48 Horse Collar
12:58 Double-Bit Axe
16:01 Fishing Lines
17:41 Gold Mining
21:08 Castle Age
20:42 Stone Mining
22:25 Heavy Plow
22:47 Bow Saw
23:01 Fishing Lines
25:18 Wheelbarrow
27:38 Forging
27:28 Scale Mail Armor
27:46 Gillnets
29:19 Hand Cart
30:19 Iron Casting
29:51 Town Watch
34:08 Imperial Age
33:13 Chain Mail Armor
34:13 Scale Barding Armor
34:29 Caravan
36:22 Blast Furnace
35:52 Plate Mail Armor
34:49 Cranequins
36:13 Elite Varangian Guard
36:54 Squires
36:39 Arson
37:04 Thumb Ring
37:23 Fletching
37:34 Padded Archer Armor
38:07 Conscription
39:27 Bodkin Arrow
39:50 Leather Archer Armor
39:56 Chain Barding Armor
40:56 Gold Shaft Mining
40:57 Stone Shaft Mining
40:56 Bracer
41:13 Heavy Mounted Crossbowman
43:04 Elite Jomsviking
44:38 Ring Archer Armor
46:16 Plate Barding Armor
50:57 Ballistics
51:38 Chemistry
51:29 Hamask
Holako
0:31 Loom
12:17 Feudal Age
12:47 Double-Bit Axe
20:45 Castle Age
19:16 Gold Mining
19:09 Horse Collar
20:06 Fletching
20:19 Padded Archer Armor
21:06 Padded Archer Armor
20:54 Crossbowman
21:57 Bow Saw
23:19 Bodkin Arrow
26:40 Leather Archer Armor
29:25 Ballistics
29:49 Heavy Plow
30:31 Wheelbarrow
33:43 Imperial Age
32:16 Pikeman
32:57 Squires
32:42 Arson
33:48 Gold Shaft Mining
33:07 Stone Mining
33:53 Arbalester
34:34 Bracer
35:36 Chemistry
35:02 Yeomen
35:08 Conscription
36:28 Ring Archer Armor
37:04 Forging
36:54 Scale Mail Armor
41:08 Hand Cart
42:13 Caravan
44:38 Iron Casting
44:19 Chain Mail Armor
44:32 Elite Longbowman
47:32 Two-Man Saw
52:05 Halberdier
xSantalogx
1:44 Loom
12:06 Feudal Age
13:25 Double-Bit Axe
13:30 Horse Collar
16:19 Castle Age
15:49 Wheelbarrow
27:55 Imperial Age
26:22 Bow Saw
26:13 Heavy Plow
26:05 Gold Mining
26:55 Hand Cart
26:26 Town Watch
31:46 Gold Shaft Mining
31:02 Stone Mining
31:45 Crop Rotation
33:30 Conscription
33:21 Ballistas
33:42 Comitatenses
34:11 Squires
33:32 Man-at-Arms
33:47 Heavy Scorpion
34:40 Scale Mail Armor
34:51 Forging
34:33 Fletching
34:43 Padded Archer Armor
35:53 Conscription
36:04 Ballistics
36:45 Chemistry
35:27 Long Swordsman
36:48 Chain Mail Armor
37:09 Iron Casting
36:07 Elite Centurion
37:11 Scale Barding Armor
36:37 Legionary
38:34 Siege Engineers
42:17 Chain Barding Armor
42:57 Blast Furnace
41:53 Bodkin Arrow
42:14 Leather Archer Armor
44:58 Caravan
45:46 Plate Barding Armor
[BANDY2] Orok
7:10 Loom
12:13 Feudal Age
12:54 Double-Bit Axe
17:09 Castle Age
15:45 Horse Collar
18:11 Bow Saw
20:42 Wheelbarrow
20:26 Town Watch
23:42 Gold Mining
23:43 Stone Mining
23:58 Heavy Plow
25:24 Hand Cart
31:28 Imperial Age
29:10 Forging
29:06 Scale Barding Armor
29:39 Bloodlines
29:30 Husbandry
28:52 Light Cavalry
30:52 Iron Casting
32:31 Chain Barding Armor
33:11 Blast Furnace
31:40 Winged Hussar
34:19 Conscription
35:34 Blast Furnace
35:06 Crop Rotation
35:44 Chemistry
36:31 Lechitic Legacy
40:33 Siege Engineers
40:12 Cavalier
40:59 Szlachta Privileges
47:44 Crossbowman
48:30 Thumb Ring
48:09 Heavy Mounted Crossbowman
49:26 Fletching
49:36 Padded Archer Armor
50:50 Thumb Ring
Lord Muflon
7:00 Loom
12:28 Feudal Age
16:36 Castle Age
15:31 Double-Bit Axe
15:31 Horse Collar
17:34 Wheelbarrow
17:26 Bow Saw
17:23 Fishing Lines
20:58 Heavy Plow
22:09 Gillnets
26:20 Hand Cart
25:51 Town Watch
26:08 Padded Archer Armor
26:09 Scale Mail Armor
29:43 Imperial Age
27:56 Leather Archer Armor
27:53 Forging
28:58 Town Patrol
29:15 Chain Mail Armor
29:05 Gambesons
29:21 Squires
29:07 Arson
28:43 Pikeman
30:07 Iron Casting
29:27 Hamask
30:32 Siege Engineers
31:28 Chemistry
30:03 Onager
31:35 Ring Archer Armor
31:58 Conscription
31:02 Halberdier
32:16 Plate Mail Armor
32:09 Siege Onager
32:47 Northmen's Fury
39:43 Masonry
39:29 Murder Holes
40:38 Blast Furnace
40:18 Caravan
41:31 Elite Jomsviking
46:47 Fletching
47:21 Ballistics
48:28 Bodkin Arrow
Bombie der Zombie
1:45 Loom
11:42 Feudal Age
17:10 Castle Age
15:55 Horse Collar
21:12 Double-Bit Axe
24:44 Wheelbarrow
28:01 Heavy Plow
33:12 Imperial Age
30:58 Hand Cart
30:34 Town Watch
30:57 Scale Mail Armor
33:20 Forging
33:26 Chain Mail Armor
33:19 Onager
33:42 Elite Varangian Guard
34:24 Squires
37:24 Iron Casting
37:20 Plate Mail Armor
37:17 Bow Saw
37:25 Gold Mining
37:25 Stone Mining
39:52 Ballistics
40:33 Chemistry
50:17 Gambesons
52:57 Blast Furnace
D4s 3nd3
1:43 Loom
11:14 Feudal Age
16:21 Castle Age
14:21 Double-Bit Axe
14:52 Scale Mail Armor
16:56 Stone Mining
17:22 Bow Saw
16:54 Horse Collar
23:30 Ballistics
28:47 Murder Holes
28:46 Fletching
29:10 Forging
29:16 Chain Mail Armor
30:49 Clerical Recruitment
32:52 Iron Casting
32:50 Bodkin Arrow
34:39 Heavy Plow
39:00 Imperial Age
37:06 Wheelbarrow
36:56 Gold Mining
38:53 Squires
38:40 Gambesons
38:41 Arson
39:37 Bloodlines
38:48 Light Cavalry
39:29 Husbandry
39:06 Elite Varangian Guard
39:08 Man-at-Arms
39:08 Pikeman
40:11 Conscription
39:38 Cavalier
41:09 Scale Barding Armor
42:30 Chain Barding Armor
42:05 Halberdier
43:33 Hussar
44:02 Capped Ram
44:57 Padded Archer Armor
47:11 Hand Cart
49:54 Plate Mail Armor
49:25 Bracer
50:17 Siege Ram
max.knieriemen
9:20 Loom
11:55 Feudal Age
14:02 Double-Bit Axe
15:48 Horse Collar
19:08 Castle Age
17:46 Horse Collar
19:59 Fishing Lines
20:56 Stone Mining
20:57 Gold Mining
21:23 Bow Saw
21:42 Gillnets
24:07 Wheelbarrow
24:31 Heavy Plow
25:53 Hand Cart
26:25 Scale Barding Armor
26:22 Scale Mail Armor
32:03 Stone Shaft Mining
33:05 Ballistics
32:49 Padded Archer Armor
34:20 Fletching
34:46 Leather Archer Armor
37:18 Imperial Age
35:55 Chain Barding Armor
35:32 Bodkin Arrow
37:44 Vendel Legacy
37:56 Heavy Mounted Crossbowman
37:57 Cranequins
38:57 Caravan
40:00 Pikeman
40:41 Squires
40:28 Arson
40:59 Halberdier
41:59 Gambesons
44:20 Two-Man Saw
43:08 Halberdier
48:44 Elite Jarl
Connection lost

Rejoining the realm…

Still unreachable

The connection could not be restored.

Session expired

The server has moved on; the page needs a fresh start.